 Dungeon Crawl Stone Soup version 0.17-a0-1802-g9847487 (webtiles) character file.

65 Leibowitz the Ducker (level 3, -3/28 HPs)
             Began as a Demonspawn Gladiator on Sept 11, 2015.
             Slain by Grinder (5 damage)
             ... on level 3 of the Dungeon.
             The game lasted 00:04:06 (1948 turns).

Leibowitz the Ducker (Demonspawn Gladiator)         Turns: 1948, Time: 00:04:09

Health: -3/28      AC:  5    Str: 19    XL:     3   Next: 94%
Magic:  3/3        EV: 13    Int:  9    God:
Gold:   118        SH:  0    Dex: 13    Spells: 0 memorised, 2 levels left

rFire  + + +     SeeInvis .     a - +0 war axe
rCold  + . .     Clarity  .     b - +0 leather armour
rNeg   . . .     SustAt   .     (no shield)
rPois  +         Gourm    .     c - +0 helmet
rElec  +         Spirit   .     (no cloak)
rCorr  +         Warding  .     (no gloves)
rMut   .         Stasis   .     h - +0 pair of boots
MR     .....                    v - amulet of rage
Stlth  +.........               r - ring of protection from fire
                                j - +3 ring of strength

@: exhausted, resistant, slowed, very slow, not resistant to hostile
enchantments, very unstealthy
A: fire resistance 1, spiny 1
a: Evoke Berserk Rage


You were on level 3 of the Dungeon.
You were not hungry.

You visited 1 branch of the dungeon, and saw 3 of its levels.

You collected 118 gold pieces.

Inventory:

Hand weapons
 a - a +0 war axe (weapon)
Missiles
 d - 3 throwing nets (quivered)
 g - 12 poisoned needles
Armour
 b - a +0 leather armour (worn)
 c - a +0 helmet (worn)
 h - a +0 pair of boots (worn)
Jewellery
 j - a +3 ring of strength (left hand)
 o - an uncursed amulet of clarity
 r - a ring of protection from fire (right hand)
 v - an amulet of rage (around neck)
Scrolls
 f - a scroll of fog {unknown}
 i - a scroll of recharging {unknown}
 l - a scroll of identify {unknown}
 n - a scroll of amnesia {unknown}
 q - a scroll of magic mapping {unknown}
 t - a scroll of noise {unknown}
 u - a scroll of remove curse {unknown}
Potions
 m - a potion of resistance
 p - a potion of haste {unknown}
 s - a potion of degeneration {unknown}
Comestibles
 e - 5 bread rations
 k - 2 chunks of flesh


   Skills:
 + Level 2.4 Fighting
 + Level 3.1 Axes
 + Level 1.9 Throwing
 + Level 0.8 Armour
 + Level 3.5 Dodging


You had 2 spell levels left.
You didn't know any spells.

Dungeon Overview and Level Annotations

Branches:
Dungeon (3/15)

Altars:

Annotations:
D:3 Grinder


Innate Abilities, Weirdness & Mutations

Your flesh is heat resistant.
You are partially covered in sharp spines.


Message History

You suddenly lose the ability to move!
Some of the chunks of flesh in your inventory have rotted away.
Grinder gestures at you. Pain shoots through your body!
Grinder gestures.
Grinder blinks!
Grinder hits you.
* * * LOW HITPOINT WARNING * * *
You writhe in agony.
* * * LOW HITPOINT WARNING * * *
You can move again.
Unknown command.
Drink which item? (? for menu, Esc to quit)
It was a potion of resistance.
You feel protected. Grinder gestures at you.
You shrug off the repeated paralysis!
Grinder hits you.
* * * LOW HITPOINT WARNING * * *
You writhe in agony.
You die...

#.##..#.# #.##.. ##
#.##....########.##.. #>.
#.##.................
###..###.##.##.########(##<.
.$..........................
..........####.#.#########.#
#.###..## #.#.# #.#
#..#####.#.### #.#
.###....@5......# #.#
#......†[....#.#.# #.#
#####..#######..#.. ..#
?....# ...#... .# ####...
#..# .... .... #..> ...
..... ###.. ... ##... ..


You could see Grinder.

Vanquished Creatures
  2 adders (D:2)
  2 oozes (D:2)
  2 worms (D:2)
  A giant gecko (D:2)
  2 bats
  2 giant cockroaches (D:1)
  5 goblins
  7 hobgoblins
  A quokka (D:2)
  A giant newt (D:2)
  2 kobolds
  6 rats
33 creatures vanquished.

Notes
Turn   | Place    | Note
--------------------------------------------------------------
     0 | D:1      | Leibowitz the Demonspawn Gladiator began the quest for the Orb.
     0 | D:1      | Reached XP level 1. HP: 16/16 MP: 1/1
   364 | D:1      | Reached skill level 3 in Dodging
   364 | D:1      | Gained mutation: You are partially covered in sharp spines. [demonic ancestry]
   364 | D:1      | Reached XP level 2. HP: 20/22 MP: 2/2
  1092 | D:2      | Gained mutation: Your flesh is heat resistant. [demonic ancestry]
  1092 | D:2      | Reached XP level 3. HP: 23/28 MP: 3/3
  1296 | D:2      | Found a faded altar to an unknown god.
  1789 | D:3      | Noticed Grinder
  1923 | D:3      | Paralysed by Grinder for 6 turns
  1933 | D:3      | Paralysed by Grinder for 2 turns
  1941 | D:3      | Paralysed by Grinder for 7 turns
  1948 | D:3      | Slain by Grinder

Vault maps used:
D:1:      arrival_zaba_pyramid
D:2:      lemuel_upstairs_altar, first_bread, ecumenical_altar_2
D:3:      grunt_decor_fettered, uniq_terence, uniq_robin, uniq_grinder,
          uniq_crazy_yiuf_cottage

Action                   || total
-------------------------++-------
Melee: War axe           ||    70
Throw: Throwing net      ||     2
 Abil: Evoke Berserk Rag ||     1
  Use: Potion            ||     1
  Eat: Meat ration       ||     1
